 Dungeon Crawl Stone Soup version 0.20-a0-1050-g57248f3 (webtiles) character file.

31024 Murumi the Unseen (level 13, -1/151 HPs)
             Began as a Vampire Enchanter on Apr 25, 2017.
             Was a High Priest of Dithmenos.
             Slain by a death yak (3 damage)
             ... on level 5 of the Lair of Beasts.
             The game lasted 01:15:02 (16399 turns).

Murumi the Unseen (Vampire Enchanter)              Turns: 16399, Time: 01:15:02

Health: -1/151     AC: 26    Str: 12    XL:     13   Next: 23%
Magic:  2/22       EV:  2    Int: 18    God:    Dithmenos [*****.]
Gold:   925        SH:  0    Dex: 19    Spells: 12/24 levels left

rFire    + + .     SeeInvis +   z - +3 dagger of Death {freeze, rElec rF+}
rCold    . . .     Gourm    .   (no shield)
rNeg     + + +     Faith    .   (armour currently unavailable)
rPois    +         Spirit   .   (helmet currently unavailable)
rElec    +         Reflect  .   (cloak currently unavailable)
rCorr    .         Harm     .   (gloves currently unavailable)
MR       +....     NoTele   +   (boots currently unavailable)
Stlth    ++++++++++             (no amulet)
Regen    0.4/turn               Q - ring of protection from fire
MPRegen  0.2/turn               N - ring of stealth

@: mighty, tree-form, wreathed by umbra
A: see invisible, mutation resistance 1
a: Bat Form, Shadow Step, Shadow Form, Renounce Religion


You were on level 5 of the Lair of Beasts.
You worshipped Dithmenos.
Dithmenos was extremely pleased with you.
You were not thirsty.
You were a tree.
You visited 3 branches of the dungeon, and saw 16 of its levels.
You also visited: Volcano.

You collected 925 gold pieces.

Inventory:

Hand Weapons
 o - a +1 dagger of venom
 z - the +3 dagger of Death (weapon) {freeze, rElec rF+}
   (You found it on level 5 of the Dungeon)

   It has been specially enchanted to freeze those struck by it, causing extra
   injury to most foes and up to half again as much damage against particularly
   susceptible opponents.
   It can also slow down cold-blooded creatures.
   It protects you from fire.
   It insulates you from electricity.
Armour
 h - a +0 pair of boots (melded)
 l - a +2 helmet of intelligence (melded)
 x - a +2 pair of gloves (melded)
 y - a +2 cloak (melded)
 P - the +1 robe "Yceithrar" (melded) {Str+3 Slay+3}
   (You found it on level 3 of the Lair of Beasts)

   It affects your strength (+3).
   It affects your accuracy and damage with ranged weapons and melee attacks
   (+3).
Jewellery
 e - a +1 ring of evasion
 q - an uncursed ring of ice
 v - the ring "Jiezy" {+Inv rF- MR- Dex+8 SInv}
   (You found it on level 4 of the Dungeon)

   [ring of see invisible]

   It affects your dexterity (+8).
   It makes you vulnerable to fire.
   It affects your resistance to hostile enchantments.
   It lets you see invisible.
   It lets you turn invisible.
 N - a ring of stealth (right branch)
 Q - a ring of protection from fire (left branch)
Wands
 E - a wand of lightning (7/15)
 G - a wand of paralysis (7/24)
 R - a wand of polymorph (12/24)
Scrolls
 a - 4 scrolls of fog
 b - a scroll of fear
 f - 2 scrolls of magic mapping
 g - 6 scrolls of remove curse
 i - 3 scrolls of enchant weapon {unknown}
 k - a scroll of immolation {unknown}
 s - 3 scrolls of blinking {unknown}
 t - 10 scrolls of teleportation
 u - 2 scrolls of enchant armour {unknown}
 A - 3 scrolls of noise {unknown}
 D - 4 scrolls of brand weapon {unknown}
 H - 4 scrolls of recharging {unknown}
 J - a scroll of silence {unknown}
 L - a scroll of identify
Potions
 d - 12 potions of blood
 j - 5 potions of flight
 m - 4 potions of curing
 n - a potion of might
 p - 2 potions of resistance
 w - 5 potions of berserk rage
 B - 5 potions of brilliance
 K - 2 potions of agility
 O - a potion of haste
Books
 c - a book of Maledictions

   Spells                             Type                      Level
   a - Corona                         Hexes                        1
   b - Ensorcelled Hibernation        Hexes/Ice                    2
   c - Confuse                        Hexes                        3
   d - Tukima's Dance                 Hexes                        3
   e - Dazzling Spray                 Conjuration/Hexes            3
 r - a book of Misfortune

   Spells                             Type                      Level
   a - Confusing Touch                Hexes                        1
   b - Confuse                        Hexes                        3
   c - Gell's Gravitas                Translocation                3
   d - Petrify                        Transmutation/Earth          4
   e - Metabolic Englaciation         Hexes/Ice                    5
   f - Yara's Violent Unravelling     Hexes/Transmutation          5
 C - a book of the Tempests

   Spells                             Type                      Level
   a - Static Discharge               Conjuration/Air              3
   b - Lightning Bolt                 Conjuration/Air              5
   c - Ignition                       Fire                         8
   d - Tornado                        Air                          9
   e - Shatter                        Earth                        9
 F - a book of Geomancy

   Spells                             Type                      Level
   a - Sandblast                      Earth                        1
   b - Passwall                       Transmutation/Earth          2
   c - Stone Arrow                    Conjuration/Earth            3
   d - Petrify                        Transmutation/Earth          4
   e - Lee's Rapid Deconstruction     Earth                        5
 M - a book of Death

   Spells                             Type                      Level
   a - Corpse Rot                     Necromancy                   2
   b - Sublimation of Blood           Necromancy                   2
   c - Agony                          Necromancy                   5
   d - Dispel Undead                  Necromancy                   5
   e - Excruciating Wounds            Charms/Necromancy            5
   f - Bolt of Draining               Conjuration/Necromancy       5


   Skills:
 - Level 9.1 Fighting
 - Level 8.0 Short Blades
 - Level 8.0 Dodging
 + Level 20.4 Stealth
 - Level 6.0 Spellcasting
 - Level 13.0 Hexes


You had 12 spell levels left.
You knew the following spells:

 Your Spells              Type           Power        Failure   Level  Hunger
a - Corona                Hex            ######.      1%          1    None
b - Ensorcelled Hibernat  Hex/Ice        ####..       1%          2    None
c - Confuse               Hex            ######..     1%          3    ##.....
d - Tukima's Dance        Hex            ######..     1%          3    ##.....
e - Dazzling Spray        Conj/Hex       ####..       2%          3    ##.....


Dungeon Overview and Level Annotations

Branches:
Dungeon (10/15)            Temple (1/1) D:5            Lair (5/6) D:9
 Shoals (0/4) Lair:3        Snake (0/4) Lair:3
  Slime: Lair:5-6       Orc: D:9-12

Altars:
Ashenzari
Cheibriados
Dithmenos
Elyvilon
Fedhas
Gozag
Hepliaklqana
Kikubaaqudgha
Makhleb
Nemelex Xobeh
Okawaru
Qazlal
Ru
Sif Muna
Trog
Uskayaw
Vehumet
Wu Jian
Xom
Yredelemnul
Zin
The Shining One

Shops:
D:4 (


Innate Abilities, Weirdness & Mutations

((You have razor-sharp teeth.))
You have supernaturally acute eyesight. (SInv)
((You can survive without breathing.))
You are somewhat resistant to further mutation.


Message History

Dithmenos accepts your kill.
You puncture the porcupine! You freeze the porcupine.
You kill the porcupine!
Dithmenos accepts your kill.
You hit the death yak. You freeze the death yak.
The death yak is lightly wounded.
Your shadow barely misses the death yak.
The death yak gores you.
* * * LOW HITPOINT WARNING * * *
The death yak gores you!
* * * LOW HITPOINT WARNING * * *
You feel better. The death yak gores you!
* * * LOW HITPOINT WARNING * * *
The death yak gores you but does no damage.
You hit the death yak. You freeze the death yak.
The death yak is lightly wounded.
You puncture the death yak! You freeze the death yak.
The death yak is moderately wounded.
The death yak gores you.
You die...

##... ###..P....
#....###...$...##
................#
....P...........#
................##
.................#
....P...........###
................#Y#
....P...........♣#
......#........##YY...(.
.#...##........# #......
###..####......# ......
..#..#P####....# .....
........# #..#P# .....
#.)%....# ##### ....
##......## ....
#.......##


You could see 3 death yaks.

Vanquished Creatures
  Kirke (Lair:4)
  A fire dragon (Volcano)
  4 hydras
  Erica (D:8)
  5 two-headed ogres (Volcano)
  2 death yaks (Lair:5)
  The ghost of yrara the Skirmisher, a novice DsFi of Gozag (D:7)
  An unseen horror (D:8)
  3 salamanders (Volcano)
  An ugly thing (D:8)
  3 merfolk sirens (Lair:3)
  3 black mambas
  Joseph (D:8)
  8 spiny frogs
  5 komodo dragons
  A rime drake (Lair:2)
  A polar bear (Lair:2)
  A merfolk (Lair:3)
  8 blink frogs
  Grinder (D:4)
  A hippogriff (Lair:4)
  A wyvern (Lair:3)
  Sigmund (D:4)
  Eustachio (D:5)
  3 basilisks
  7 fire bats (Volcano)
  4 steam dragons
  2 hogs (Lair:4)
  5 nagas (Lair:3)
  Duvessa (D:5)
  2 orc warriors
  4 water moccasins
  6 porcupines
  A black bear (D:8)
  5 ice beasts
  5 phantoms
  11 ogres
  A centaur (D:5)
  2 wolves (Lair:2)
  A necrophage (D:5)
  8 crocodiles
  Blork the orc (D:5)
  11 bullfrogs
  Dowan (D:5)
  2 scorpions (D:9)
  5 killer bees (D:7)
  5 wights
  The ghost of M4edhros the Slasher, a weakling OpFi (D:5)
  4 howler monkeys
  A centaur zombie (D:5)
  9 crimson imps
  2 hounds (D:5)
  6 jellies
  Crazy Yiuf (D:4)
  A gnoll shaman (D:5)
  2 orc priests (D:4)
  3 bullfrog skeletons
  Jessica (D:2)
  4 iguanas
  12 orc wizards
  6 worker ants
  A howler monkey zombie (D:8)
  16 gnolls
  9 adders
  A shadow imp (D:8)
  A white imp (D:8)
  6 oozes
  3 worms
  7 dart slugs
  6 leopard geckos
  30 orcs
  3 ball pythons
  10 bats
  8 giant cockroaches
  12 goblins
  8 hobgoblins
  8 jackals
  3 quokkas
  4 frilled lizards
  A jackal skeleton (D:8)
  11 kobolds
  2 leopard gecko skeletons
  A leopard gecko zombie (D:6)
  11 rats
364 creatures vanquished.

Vanquished Creatures (collateral kills)
  A wyvern (Volcano)
  5 ogres
  A bullfrog (D:9)
  2 wights (D:5)
  An adder (D:5)
10 creatures vanquished.

Vanquished Creatures (others)
  A dancing weapon (Volcano)
  A wyvern (Volcano)
  5 fungi
  24 plants
31 creatures vanquished.

Grand Total: 405 creatures vanquished

Notes
Turn   | Place    | Note
-------+----------+-------------------------------------------
     0 | D:1      | Murumi the Vampire Enchanter began the quest for the Orb.
     0 | D:1      | Reached XP level 1. HP: 13/13 MP: 3/3
   398 | D:1      | Reached XP level 2. HP: 8/19 MP: 3/5
   402 | D:1      | Learned a level 2 spell: Ensorcelled Hibernation
   600 | D:1      | Reached skill level 5 in Stealth
   663 | D:1      | Reached skill level 1 in Fighting
   845 | D:1      | Reached XP level 3. HP: 26/26 MP: 6/6
   853 | D:1      | Learned a level 3 spell: Confuse
  1318 | D:1      | Reached skill level 6 in Stealth
  1565 | D:2      | Found a faded altar of an unknown god.
  1570 | D:2      | Reached skill level 5 in Hexes
  1718 | D:2      | Reached XP level 4. HP: 32/32 MP: 2/7
  1895 | D:2      | Found a shattered altar of Ashenzari.
  1948 | D:2      | Reached skill level 7 in Stealth
  1977 | D:2      | Found a snail-covered altar of Cheibriados.
  1980 | D:2      | Found a white marble altar of Elyvilon.
  2072 | D:2      | Noticed Jessica
  2077 | D:2      | Killed Jessica
  2545 | D:3      | Reached XP level 5. HP: 37/37 MP: 8/8
  2803 | D:3      | Reached skill level 8 in Stealth
  3266 | D:3      | Found a shimmering altar of Xom.
  3358 | D:4      | Found Doobaqi's Antique Weapon Emporium.
  3437 | D:4      | Noticed Sigmund
  3438 | D:4      | Noticed an ice beast
  3441 | D:4      | Killed Sigmund
  3441 | D:4      | Reached skill level 10 in Stealth
  3441 | D:4      | Reached XP level 6. HP: 43/43 MP: 9/9
  3462 | D:4      | Killed an ice beast
  3556 | D:4      | Got a clouded platinum ring
  3558 | D:4      | Identified the ring "Jiezy" {+Inv rF- MR- Dex+8 SInv} (You found it on level 4 of the Dungeon)
  3597 | D:4      | Noticed Grinder
  3621 | D:4      | Killed Grinder
  3621 | D:4      | Reached XP level 7. HP: 12/54 MP: 2/10
  4239 | D:4      | Learned a level 3 spell: Tukima's Dance
  4503 | D:4      | Found a radiant altar of Vehumet.
  4617 | D:4      | Reached XP level 8. HP: 60/60 MP: 3/11
  4768 | D:4      | Found a runed door.
  4772 | D:4      | Noticed Crazy Yiuf
  4776 | D:4      | Killed Crazy Yiuf
  4776 | D:4      | Reached skill level 11 in Stealth
  4872 | D:5      | Entered Level 5 of the Dungeon
  4905 | D:5      | Found a white marble altar of Elyvilon.
  5005 | D:5      | Got a shimmering dagger
  5006 | D:5      | Identified the +3 dagger of Death {freeze, rElec rF+} (You found it on level 5 of the Dungeon)
  5017 | D:5      | Noticed Eustachio
  5024 | D:5      | Killed Eustachio
  5044 | D:5      | Reached skill level 12 in Stealth
  5194 | D:5      | Noticed M4edhros's ghost (weakling OpFi)
  5238 | D:5      | Killed M4edhros's ghost
  5350 | D:5      | Found a staircase to the Ecumenical Temple.
  5465 | Temple   | Entered the Ecumenical Temple
  5475 | Temple   | Became a worshipper of Dithmenos the Shadowed
  6100 | D:5      | Noticed Blork the orc
  6107 | D:5      | Killed Blork the orc
  6129 | D:5      | Noticed Duvessa
  6129 | D:5      | Noticed Dowan
  6192 | D:5      | Gained mutation: You are somewhat resistant to further mutation. [potion of mutation]
  6203 | D:5      | Killed Duvessa
  6205 | D:5      | Killed Dowan
  6205 | D:5      | Reached skill level 13 in Stealth
  6205 | D:5      | Reached XP level 9. HP: 17/65 MP: 2/13
  6949 | D:6      | Found a sparkling altar of Nemelex Xobeh.
  6951 | D:6      | Found an ornate altar of the Wu Jian Council.
  7115 | D:6      | Reached * piety under Dithmenos
  7172 | D:6      | Reached skill level 14 in Stealth
  7858 | D:7      | Reached skill level 5 in Short Blades
  7957 | D:7      | Found a basalt altar of Yredelemnul.
  8031 | D:7      | Noticed yrara's ghost (novice DsFi)
  8035 | D:7      | Reached skill level 5 in Dodging
  8092 | D:7      | Killed yrara's ghost
  8092 | D:7      | Reached skill level 15 in Stealth
  8528 | D:7      | Reached XP level 10. HP: 49/72 MP: 10/14
  8533 | D:7      | Learned a level 3 spell: Dazzling Spray
  8625 | D:7      | Reached skill level 16 in Stealth
  8689 | D:7      | Reached ** piety under Dithmenos
  9054 | D:8      | Noticed Joseph
  9074 | D:8      | Killed Joseph
  9307 | D:8      | Noticed an unseen horror
  9321 | D:8      | Killed an unseen horror
  9489 | D:8      | Noticed a green ugly thing
  9497 | D:8      | Killed a green ugly thing
  9524 | D:8      | Noticed Erica
  9549 | D:8      | Killed Erica
  9573 | D:8      | Reached skill level 17 in Stealth
 10000 | D:8      | Reached skill level 10 in Hexes
 10343 | D:9      | Reached XP level 11. HP: 76/77 MP: 17/17
 10344 | D:9      | Found a staircase to the Lair.
 10370 | D:9      | Reached *** piety under Dithmenos
 10843 | D:10     | Entered Level 10 of the Dungeon
 10855 | Lair:1   | Entered Level 1 of the Lair of Beasts
 10877 | Lair:1   | Noticed a four-headed hydra
 11016 | Lair:1   | Killed a four-headed hydra
 11112 | Lair:1   | Reached skill level 18 in Stealth
 11826 | Lair:2   | Reached skill level 5 in Spellcasting
 12188 | Lair:2   | Reached **** piety under Dithmenos
 12256 | Lair:2   | Reached skill level 5 in Fighting
 12601 | Lair:2   | Reached skill level 19 in Stealth
 12876 | Lair:3   | Found a staircase to the Shoals.
 13052 | Lair:3   | Got a tattered robe
 13063 | Lair:3   | Identified the +1 robe "Yceithrar" {Str+3 Slay+3} (You found it on level 3 of the Lair of Beasts)
 13137 | Lair:3   | Reached XP level 12. HP: 86/86 MP: 6/19
 13273 | Lair:3   | Found a staircase to the Snake Pit.
 14033 | Lair:3   | Reached skill level 20 in Stealth
 14151 | Lair:4   | Noticed a six-headed hydra
 14170 | Lair:4   | Killed a six-headed hydra
 14263 | Lair:4   | Noticed a four-headed hydra
 14283 | Lair:4   | Found a dark tunnel.
 14287 | Lair:4   | Noticed Kirke
 14291 | Volcano  | Entered a volcano
 14302 | Volcano  | Noticed a two-headed ogre
 14307 | Volcano  | Killed a two-headed ogre
 14368 | Volcano  | Noticed a two-headed ogre
 14388 | Volcano  | HP: 3/133 [two-headed ogre (20)]
 14391 | Volcano  | Killed a two-headed ogre
 14391 | Volcano  | Reached ***** piety under Dithmenos
 14519 | Volcano  | Noticed a two-headed ogre
 14521 | Volcano  | Killed a two-headed ogre
 14780 | Volcano  | Noticed a two-headed ogre
 14888 | Volcano  | Noticed a fire dragon
 14901 | Volcano  | Noticed a two-headed ogre
 14901 | Volcano  | Killed a two-headed ogre
 14912 | Volcano  | Killed a two-headed ogre
 15052 | Volcano  | Killed a fire dragon
 15754 | Lair:4   | Reached XP level 13. HP: 73/101 MP: 19/22
 15768 | Lair:4   | Killed Kirke
 16396 | Lair:5   | HP: 4/151 [death yak (15)]
 16399 | Lair:5   | Slain by a death yak

Vault maps used:
D:1:      elethiomel_arrival_maze
D:2:      lemuel_coloured_pillars_altar, minitemple,
          chequers_ecumenical_altar_simple, uniq_jessica
D:3:      tgw_xom, roderic_serpentine_path, minivault_19
D:4:      nicolae_overflow_crystal_walls, first_bread, serial_shops,
          kennysheep_mini_moat, uniq_sigmund, uniq_crazy_yiuf_cottage,
          uniq_grinder
D:5:      minmay_temple_entry_large_hall, basic_altar, uniq_duvessa,
          uniq_blork_the_orc, uniq_eustachio
D:6:      grunt_temple_overflow_open
D:7:      marbit_many_paths
D:8:      minmay_nine_imps, uniq_joseph, uniq_erica
D:9:      lair_entry_dummy, hangedman_little_slice_of_home
D:10:     kennysheep_kite_vault
Temple:   eino_narrow_crystal_temple
Lair:2:   serial_bayou_pond_b, beast_lair_carwin_5
Lair:3:   elwin_shoals_entry_stream, minmay_snake_entry_guardpost_medium
Lair:4:   nicolae_volcano_entry_hallway, uniq_kirke
Lair:5:   lemuel_fruit_tree, serial_bayou_shore_a
Volcano:  pf_volcano_lost_world

Skill      XL: |  1  2  3  4  5  6  7  8  9 10 11 12 13 |
---------------+----------------------------------------+-----
Stealth        | 5 6 7 10 13 15 17 19 20 | 20.4
Fighting       | 1 4 5 9 |  9.1
Hexes          | 5 7 8 10 11 13 | 13.0
Short Blades   | 2 3 4 5 7 8 |  8.0
Dodging        | 4 5 6 8 |  8.0
Spellcasting   | 3 4 5 6 |  6.0

Action                   |  1- 3 |  4- 6 |  7- 9 | 10-12 | 13-15 || total
-------------------------+-------+-------+-------+-------+-------++-------
Melee: Dagger            |   140 |   162 |   283 |   385 |    34 ||  1004
       Bite              |    12 |    21 |    35 |    42 |     2 ||   112
 Cast: Corona            |     1 |       |       |       |       ||     1
       Ensorcelled Hiber |     4 |     3 |    50 |    61 |     9 ||   127
       Confuse           |       |     6 |    17 |    45 |     5 ||    73
       Tukima's Dance    |       |       |     9 |    26 |       ||    35
       Dazzling Spray    |       |       |       |     7 |    11 ||    18
 Abil: Evoke Invisibilit |       |       |       |     3 |       ||     3
       End Transformatio |       |       |       |     4 |       ||     4
       Bat Form          |       |       |       |     4 |       ||     4
  Use: Scroll            |     2 |       |     1 |    10 |       ||    13
       Potion            |       |       |    12 |     5 |     6 ||    23
 Stab: Sleeping          |    16 |    28 |    50 |   106 |     4 ||   204
       Distracted        |     1 |     1 |     2 |     7 |       ||    11
       Confused          |       |     4 |     5 |    21 |     3 ||    33
       Invisible         |       |       |       |     1 |     1 ||     2
  Eat: Corpse            |       |       |     1 |     2 |       ||     3
Armor: Robe              |    50 |    11 |    58 |    54 |     9 ||   182
       Skin              |       |       |       |       |    21 ||    21
Dodge: Dodged            |   105 |    67 |   172 |   276 |    26 ||   646
